 Dungeon Crawl Stone Soup version 0.29.1-2-gbd0b4ee654 (webtiles) character file.

Game seed: 8752538124647560699

28 mcbry74 the Digger (level 3, -2/31 HPs)
             Began as a Troll Earth Elementalist on Oct 28, 2022.
             Slain by Sigmund
             ... wielding a +0 scythe
              (10 damage)
             ... on level 2 of the Dungeon.
             The game lasted 00:04:08 (864 turns).

mcbry74 the Digger (Troll Earth Elementalist)        Turns: 864, Time: 00:04:08

Health: -2/31      AC:  8    Str: 16    XL:     3   Next: 0%
Magic:  1/3        EV:  9    Int: 13    God:
Gold:   91         SH:  0    Dex: 10    Spells: 3/4 levels left

rFire   . . .      SeeInvis .     - Unarmed
rCold   . . .      Faith    .   (no shield)
rNeg    . . .      Spirit   .   a - +0 robe
rPois   .          Reflect  .   (helmet restricted)
rElec   .          Harm     .   (no cloak)
rCorr   .          Rampage  .   (gloves unavailable)
Will    .....                   (boots unavailable)
Stlth   +.........              (no amulet)
HPRegen 0.90/turn               j - +4 ring of protection
MPRegen 0.08/turn               (no ring)

@: confused
A: large, unfitting armour, claws 3, regeneration 1, shaggy fur 1, tough skin 1
a: no special abilities


You were on level 2 of the Dungeon.
You visited 1 branch of the dungeon, and saw 2 of its levels.

You collected 91 gold pieces.

Inventory:

Missiles
 c - 25 stones
 i - 4 atropa-tipped darts
 k - 6 curare-tipped darts
Armour
 a - a +0 robe (worn)
Jewellery
 j - a +4 ring of protection (left claw)
Scrolls
 f - a scroll of noise {unknown}
 g - a scroll of enchant weapon {unknown}
 h - a scroll of identify {unknown}
 l - a scroll of teleportation {unknown}
 m - a scroll of fear {unknown}
Potions
 b - a potion of magic
 d - 3 potions of curing {unknown}
 e - 2 potions of mutation {unknown}
 n - a potion of haste


   Skills:
 - Level 1.5 Dodging
 - Level 1.0 Stealth
 * Level 1.8 Unarmed Combat
 - Level 1.2 Spellcasting
 - Level 0.6 Transmutations
 * Level 3.3 Earth Magic


You had 3 spell levels left.
You knew the following spells:

 Your Spells              Type           Power      Damage    Failure   Level
a - Sandblast             Erth           18%        2d7       7%          1

Your spell library contained the following spells:

 Spells                   Type           Power      Damage    Failure   Level
 Passwall                 Tmut/Erth      4%         N/A       19%         2
 Stone Arrow              Conj/Erth      10%        3d7       38%         3
 Petrify                  Tmut/Erth      5%         N/A       77%         4


Dungeon Overview and Level Annotations

Branches:
Dungeon (2/15)

Altars:

Annotations:
D:2 Sigmund


Innate Abilities, Weirdness & Mutations

You are too large for most types of armour.
You have claws for hands.
Your natural rate of healing is unusually fast.
You are covered in fur. (AC +1)
You have tough skin. (AC +1)


Message History

You bump into the rock wall.
Sigmund hits you but does no damage. Sigmund hits you with a +0 scythe.
You closely miss Sigmund.
Sigmund is lightly wounded.
Sigmund hits you with a +0 scythe.
You bump into the rock wall.
Sigmund hits you but does no damage.
You closely miss Sigmund.
Sigmund is lightly wounded.
Sigmund hits you but does no damage.
You closely miss Sigmund.
Sigmund is lightly wounded.
Sigmund hits you with a +0 scythe.
You miss Sigmund.
Sigmund is lightly wounded.
Sigmund hits you with a +0 scythe.
You feel less confused. Sigmund closely misses you.
Sigmund hits you with a +0 scythe!
You completely miss Sigmund.
Sigmund is lightly wounded.
Sigmund completely misses you.
You claw Sigmund!
Sigmund is heavily wounded.
Sigmund casts a spell at you. The puff of flame hits you!
* * * LOW HITPOINT WARNING * * *
Sigmund casts a spell at you.
You are confused.
You miss Sigmund.
Sigmund is heavily wounded.
Sigmund closely misses you.
You bump into the rock wall.
Sigmund mumbles some strange words.
Sigmund flickers and vanishes!
Deactivating autopickup; reactivate with Ctrl-A.
You miss something.
You hear some strange, mumbled words.
You are more confused.
Something hits you!
You die...

#..............#
.....#####.############
.......................
.....#####.##..#######.
..### ........# ..
.⌠~P⌠⌠P~.# .
...~...P.~.#
.....###.~.#######.#
...~.# #.⌠.{@......#
#..~.#.#.~.#########
.~P#.#...##
.~..P..~..##
.⌠~⌠~⌠P~...##
#.......@....#
^..#.###....)#
.....###.....#
.[.....'.....#


There were no monsters in sight!

Vanquished Creatures
  An adder (D:2)
  2 ball pythons (D:1)
  2 bats
  4 endoplasms (D:1)
  A giant cockroach (D:1)
  A quokka (D:1)
  3 goblins
  3 kobolds
17 creatures vanquished.

Notes
Turn   | Place    | Note
-------+----------+-------------------------------------------
     0 | D:1      | mcbry74 the Troll Earth Elementalist began the quest for
                  | the Orb.
     0 | D:1      | Reached XP level 1. HP: 16/16 MP: 1/1
   161 | D:1      | Reached skill level 1 in Unarmed Combat
   161 | D:1      | Reached skill level 3 in Earth Magic
   204 | D:1      | Reached XP level 2. HP: 24/24 MP: 2/2
   804 | D:2      | Reached XP level 3. HP: 31/31 MP: 1/3
   834 | D:2      | Noticed Sigmund
   864 | D:2      | Slain by Sigmund

Illustrated notes

Levels and vault maps discovered:
D:1:      tarquinn_simple_flora_water_c, layout_basic, minivault_14,
          minmay_crystal_room, st_stairs_14
D:2:      layout_basic, shapermc_ecumenical_altar_acropolis, st_stairs_10,
          uniq_sigmund

Skill      XL: |  1 |
---------------+----+-----
Unarmed Combat | 1 |  1.8
Earth Magic    | 3 |  3.3
Dodging        | |  1.5
Stealth        | |  1.0
Spellcasting   | |  1.2
Transmutations | |  0.6

Action                   || total
-------------------------++-------
Melee: Unarmed           ||    43
 Cast: Sandblast         ||     8
 Stab: Sleeping          ||     1
Armor: Robe              ||    22
Dodge: Dodged            ||    19
